 Dungeon Crawl Stone Soup version 0.30-a0-313-gae38170b09 (console) character file.

Game seed: 16989176803704543796

465 petzl the Sneak (level 7, 0/55 HPs)
             Began as a Formicid Delver on Oct 26, 2022.
             Slain by a human
             ... wielding a +0 vorpal hand axe
              (1 damage)
             ... on level 7 of the Dungeon.
             The game lasted 00:27:30 (4430 turns).

petzl the Sneak (Formicid Delver)                   Turns: 4430, Time: 00:27:31

Health: 0/55       AC:  3    Str: 16    XL:     7   Next: 29%
Magic:  12/12      EV: 12    Int: 12    God:
Gold:   119        SH:  5    Dex: 15    Spells: 10/13 levels left

rFire   + . .      SeeInvis +    a - +4 hand axe (venom) {!f =f}
rCold   . . .      Faith    .    q - +0 buckler
rNeg    . . .      Spirit   .    b - +0 leather armour
rPois   .          Reflect  .    (helmet unavailable)
rElec   .          Harm     .    (no cloak)
rCorr   .          Rampage  .    (no gloves)
Will    +....                    (no boots)
Stlth   +++.......               (no amulet)
HPRegen 0.29/turn                j - ring of willpower
MPRegen 0.13/turn                s - ring of protection from fire

@: no status effects
A: permanent stasis, dig shafts and tunnels, antennae 3, four strong arms
a: Dig, Shaft Self


You were on level 7 of the Dungeon.
You visited 1 branch of the dungeon, and saw 10 of its levels.
You also visited: Bailey.

You collected 253 gold pieces.
You spent 134 gold pieces at shops.

Inventory:

Hand Weapons
 a - a +4 hand axe of venom (weapon) {!f =f}
 u - a +3 dagger {!f =f}
 w - a +1 short sword of freezing
 y - a +0 flail of holy wrath
Missiles
 h - 25 poisoned darts (quivered)
Armour
 b - a +0 leather armour (worn)
 q - a +0 buckler (worn)
Jewellery
 i - a ring of resist corrosion
 j - a ring of willpower (left hand)
 s - a ring of protection from fire (right hand)
 x - a ring of ice
Wands
 f - a wand of digging (3)
 t - a wand of iceblast (12)
 B - a wand of mindburst (8)
Scrolls
 c - a scroll of fog
 d - 2 scrolls of magic mapping
 e - a scroll of fear
 k - 2 scrolls of immolation
 m - 5 scrolls of enchant weapon {unknown}
 o - 2 scrolls of poison {unknown}
 p - 2 scrolls of blinking {unknown}
 r - a scroll of enchant armour {unknown}
 v - 2 scrolls of noise {unknown}
 A - a scroll of silence {unknown}
 F - a scroll of vulnerability {unknown}
Potions
 g - a potion of curing {unknown}
 l - a potion of attraction
 n - 2 potions of berserk rage {unknown}
 z - a potion of flight {unknown}
 C - a potion of brilliance {unknown}
 E - a potion of magic {unknown}


   Skills:
 + Level 4.3 Fighting
 - Level 2.0 Long Blades
 - Level 1.0 Staves
 + Level 1.2 Armour
 + Level 2.9 Dodging
 - Level 6.0 Stealth
 * Level 3.9 Shields
 * Level 3.6 Spellcasting
 * Level 1.5 Conjurations
 + Level 1.3 Ice Magic


You had 10 spell levels left.
You knew the following spells:

 Your Spells              Type           Power      Damage    Failure   Level
a - Hailstorm             Conj/Ice       5%         3d4       50%         3

Your spell library contained the following spells:

 Spells                   Type           Power      Damage    Failure   Level
 Freeze                   Ice            20%        1d4       21%         1
 Summon Small Mammal      Summ           8%         N/A       34%         1
 Frozen Ramparts          Ice            10%        1d2       52%         3
 Ozocubu's Armour         Ice            5%         N/A       52%         3
 Call Canine Familiar     Summ           2%         N/A       71%         3
 Summon Guardian Golem    Hex/Summ       2%         N/A       71%         3
 Metabolic Englaciation   Hex/Ice        1%         N/A       100%        5
 Conjure Ball Lightning   Conj/Air       2%         3x3d6     100%        6
 Simulacrum               Ice/Necr       1%         N/A       100%        6
 Discord                  Hex            1%         N/A       100%        8
 Disjunction              Tloc           1%         N/A       100%        8


Dungeon Overview and Level Annotations

Branches:
Dungeon (10/15)            Bailey (visited)
 Temple: D:4-7         Lair: D:8-11         Orc: D:9-12

Altars:
Hepliaklqana
Makhleb
Nemelex Xobeh
Okawaru
Qazlal
Sif Muna
Uskayaw

Shops:
D:1 *?*!   D:8 !   D:9 *

Annotations:
D:3 Natasha
D:4 exclusions: adder and downstairs
D:10 exclusions: troll and vampire mosquito


Innate Abilities, Weirdness & Mutations

You cannot be hasted, slowed, berserked, paralysed or teleported.
You can dig through walls and to a lower floor.
You have a pair of large antennae on your head. (SInv)
Your four strong arms can wield two-handed weapons with a shield.


Message History

You block the human's attack.
You hit the human but do no damage.
The human looks as sick as possible!
The human is moderately wounded.
The human barely misses you.
You barely miss the human.
The human is moderately wounded.
You block the human's attack.
The human hits you with a +2 vorpal hand axe!
You barely miss the human.
The human is heavily wounded.
The human completely misses you.
You closely miss the human.
The human is heavily wounded.
The human hits you with a +2 vorpal hand axe.
* * * LOW HITPOINT WARNING * * *
You feel much better.
You hit the human.
The human looks as sick as possible!
The human is severely wounded.
You closely miss the human.
The human hits you with a +0 vorpal hand axe!
You block the human's attack.
The human hits you with a +0 vorpal hand axe.
The human closely misses you.
The human hits you with a +2 vorpal hand axe!
* * * LOW HITPOINT WARNING * * *
x2
There is a gate leading back out of this place, spattered with blood here.
You kill the human!
The human barely misses you.
Your life force feels restored.
Your Armour skill increases to level 1!
You have reached level 7!
Welcome back to the Dungeon!
There is an empty arch of ancient stone here.
Are you sure you want to shaft yourself?
Okay, then.
Okay, then.
Are you sure you want to shaft yourself?
The human hits you with a +0 vorpal hand axe.
* * * LOW HITPOINT WARNING * * *
You die...

########
#.#..#.# .
#.#....#
#.###
#....###
...##..###
##.#...#
.###....#[#
.......(..#
##...#.###
#z.###[# .5
#.# { #.# {
#.# #.#
#.######
#.[....#
#...)..###
#..)∩....#
#.p.)....#
#.@....#$#
...........##
#
#######.####
#.. ###


You could see a human.

Vanquished Creatures
  A human (Bailey)
  A wight (D:7)
  A hound (D:4)
  An orc priest (D:6)
  Ijyb (D:3)
  An orc wizard (D:4)
  8 gnolls
  An adder (D:2)
  2 worms
  4 dart slugs
  10 orcs
  4 endoplasms
  3 giant cockroaches (D:2)
  7 goblins
  4 hobgoblins
  6 kobolds
  A quokka (D:5)
  4 ball pythons
  8 bats
  2 rats (D:3)
70 creatures vanquished.

Vanquished Creatures (others)
  6 fungi (D:4)
  42 plants (D:3)
48 creatures vanquished.

Grand Total: 118 creatures vanquished

Notes
Turn   | Place    | Note
-------+----------+-------------------------------------------
     0 | D:5      | petzl the Formicid Delver began the quest for the Orb.
     0 | D:5      | Reached XP level 1. HP: 18/18 MP: 1/1
    19 | D:5      | Noticed a killer bee
    19 | D:5      | Noticed a killer bee
    19 | D:5      | Noticed a killer bee
   195 | D:2      | Reached XP level 2. HP: 20/24 MP: 3/3
   200 | D:2      | Reached skill level 1 in Spellcasting
   459 | D:1      | Found Johis's Distillery.
   591 | D:1      | Found Sarriaz's Magic Scroll Shoppe.
   610 | D:1      | Bought a scroll of identify for 26 gold pieces
   670 | D:1      | Found Kochev's Assorted Antiques.
   681 | D:1      | Found a faded altar of an unknown god.
   697 | D:1      | Reached XP level 3. HP: 26/29 MP: 5/5
   957 | D:1      | Found Jokugiwa's Assorted Antiques.
   961 | D:1      | Bought a murky golden potion for 25 gold pieces
   961 | D:1      | Bought a scroll labelled MAOTTA QEUCH for 28 gold pieces
  1249 | D:2      | You fall into a shaft and drop 2 floors!
  1490 | D:2      | You fall into a shaft and drop 2 floors!
  1701 | D:4      | Reached skill level 1 in Shields
  1701 | D:4      | Reached XP level 4. HP: 15/37 MP: 7/7
  1722 | D:4      | Reached XP level 5. HP: 22/42 MP: 8/8
  1845 | D:4      | You fall into a shaft and drop 1 floor!
  2161 | D:3      | Learned a level 3 spell: Hailstorm
  2328 | D:3      | Noticed Natasha
  2804 | D:1      | Bought a scroll labelled DYAREI BOCAJ for 29 gold pieces
  2804 | D:1      | Bought a murky golden potion for 26 gold pieces
  2952 | D:3      | Found a hazy altar of Hepliaklqana.
  3179 | D:4      | Reached XP level 6. HP: 29/48 MP: 10/10
  3331 | D:3      | Noticed Ijyb
  3457 | D:3      | Killed Ijyb
  3468 | D:3      | You fall into a shaft and drop 3 floors!
  3583 | D:6      | You fall into a shaft and drop 3 floors!
  3766 | D:9      | Found Fyilirph's General Store.
  3770 | D:10     | Entered Level 10 of the Dungeon
  3786 | D:10     | Found a burning altar of Makhleb.
  3812 | D:10     | Noticed a troll
  3835 | D:10     | Noticed a vampire mosquito
  3890 | D:8      | Found a stormy altar of Qazlal.
  3890 | D:8      | Found a shimmering blue altar of Sif Muna.
  3890 | D:8      | Found a sparkling altar of Nemelex Xobeh.
  3890 | D:8      | Found a hide-covered altar of Uskayaw.
  3893 | D:8      | Found an iron altar of Okawaru.
  4040 | D:7      | Noticed a sky beast
  4062 | D:7      | You fall into a shaft and drop 2 floors!
  4103 | D:8      | Found Balif's Distillery.
  4316 | D:7      | Noticed a wraith
  4334 | D:7      | Found a flagged portal.
  4348 | D:7      | Reached skill level 1 in Staves
  4348 | D:7      | Reached skill level 1 in Conjurations
  4348 | D:7      | Reached skill level 1 in Ice Magic
  4357 | Bailey   | Entered a bailey
  4409 | Bailey   | Noticed a human
  4410 | Bailey   | Noticed a human
  4414 | Bailey   | Noticed a human
  4416 | Bailey   | Noticed a human
  4426 | Bailey   | Killed a human
  4427 | Bailey   | Reached skill level 1 in Armour
  4427 | Bailey   | Reached XP level 7. HP: 6/55 MP: 12/12
  4430 | D:7      | HP: 1/55 [human/+0 vorpal hand axe (6)]
  4430 | D:7      | Slain by a human

Illustrated notes

Levels and vault maps discovered:
D:1:      lemuel_arrival_broad_hall, layout_loops_cross,
          shapermc_ecumenical_altar_starsandcircs, serial_shops, shop,
          nicolae_diamond_shop, shop, shop, serial_park_tiny_1
D:2:      layout_basic, kennysheep_flooded_box
D:3:      layout_basic, nicolae_hepliaklqana_hazy_memory, serial_bayou_lagoon_a,
          uniq_natasha, uniq_ijyb
D:4:      layout_loops_corners, serial_shops, shop, portal_sewer_entry_e,
          dreamdust_mushroom_princess, hangedman_feature_mirror, uniq_duvessa
D:5:      layout_basic
D:6:      layout_basic, gammafunk_ghost_grave
D:7:      layout_basic, lemuel_temple_firewalk_b, enter_bailey_2
D:8:      layout_loops_corners, nicolae_overflow_hidden_temple,
          grunt_gozag_statues, serial_shops, nicolae_shop_crystal, special_room
          [special_room_orc], uniq_amaemon, uniq_pikel
D:9:      layout_roguey, hellmonk_lair_entry_icy, serial_shops,
          nicolae_square_shop, uniq_erolcha
D:10:     minmay_ornate_pinched, layout_loops_cross, bloody_makhleb,
          minivault_26

Skill      XL: |  1  2  3  4  5  6 |
---------------+-------------------+-----
Spellcasting   | 1 2 3 |  3.6
Dodging        | 2 |  2.9
Shields        | 1 2 3 |  3.9
Fighting       | 4 |  4.3
Staves         | 1 |  1.0
Conjurations   | 1 |  1.5
Ice Magic      | 1 |  1.3
Armour         | 1 |  1.2
Long Blades    | |  2.0
Stealth        | |  6.0

Action                   |  1- 3 |  4- 6 |  7- 9 || total
-------------------------+-------+-------+-------++-------
Melee: Falchion          |    17 |       |       ||    17
       Quarterstaff      |    85 |    69 |       ||   154
       Short sword       |       |    81 |       ||    81
       Hand axe          |       |    10 |       ||    10
       Flail             |       |     4 |       ||     4
Throw: Dart              |     2 |     1 |       ||     3
 Abil: Shaft Self        |     2 |     4 |     1 ||     7
       Dig               |       |     3 |       ||     3
Evoke: Wand              |       |     1 |       ||     1
  Use: Scroll            |     2 |     1 |       ||     3
       Potion            |     1 |     2 |       ||     3
 Stab: Sleeping          |    12 |    12 |       ||    24
       Distracted        |     1 |     1 |       ||     2
Armor: Leather armour    |    32 |    32 |       ||    64
Dodge: Dodged            |    79 |    95 |       ||   174
Block: Buckler           |     2 |    30 |       ||    32

Table legend: (Time is in decaauts)
 A = Elapsed time spent in this place.
 B = Non-inter-level travel time spent in this place.
 C = Inter-level travel time spent in this place.
 D = Time resting spent in this place.
 E = Time spent auto-exploring this place.
 F = Levels seen in this place.
 G = Mean time per level.
                   A        B        C        D        E       F      G
               +--------+--------+--------+--------+--------+-----+--------+
         Total |   4490 |   4190 |    300 |    988 |   1270 |  11 |  408.2 |
       Dungeon |   4417 |   4117 |    300 |    940 |   1270 |  10 |  441.7 |
        Bailey |     72 |     72 |      0 |     48 |      0 |   1 |   72.0 |
               +--------+--------+--------+--------+--------+-----+--------+

Top non-repeatable levels by time:
     D:3: 900 daAuts
     D:1: 876 daAuts
     D:4: 809 daAuts
     D:2: 787 daAuts
     D:9: 273 daAuts
     D:8: 250 daAuts
     D:7: 177 daAuts
     D:5: 152 daAuts
     D:6: 114 daAuts
    D:10: 74 daAuts
  Bailey: 72 daAuts
